%YAML 1.1
%TAG !u! tag:unity3d.com,2011:
--- !u!29 &1
OcclusionCullingSettings:
  m_ObjectHideFlags: 0
  serializedVersion: 2
  m_OcclusionBakeSettings:
    smallestOccluder: 5
    smallestHole: 0.25
    backfaceThreshold: 100
  m_SceneGUID: 00000000000000000000000000000000
  m_OcclusionCullingData: {fileID: 0}
--- !u!196 &2
NavMeshSettings:
  serializedVersion: 2
  m_ObjectHideFlags: 0
  m_BuildSettings:
    serializedVersion: 2
    agentTypeID: 0
    agentRadius: 0.5
    agentHeight: 2
    agentSlope: 45
    agentClimb: 0.4
    ledgeDropHeight: 0
    maxJumpAcrossDistance: 0
    minRegionArea: 2
    manualCellSize: 0
    cellSize: 0.16666667
    manualTileSize: 0
    tileSize: 256
    accuratePlacement: 0
  m_NavMeshData: {fileID: 0}
--- !u!104 &7
RenderSettings:
  m_ObjectHideFlags: 0
  serializedVersion: 8
  m_Fog: 1
  m_FogColor: {r: 0.5137255, g: 0.52156866, b: 0.5294118, a: 1}
  m_FogMode: 2
  m_FogDensity: 0.005
  m_LinearFogStart: 0
  m_LinearFogEnd: 300
  m_AmbientSkyColor: {r: 1.1276472, g: 1.1044309, b: 1.0696065, a: 2.16}
  m_AmbientEquatorColor: {r: 0.8555295, g: 0.8385883, b: 0.8385883, a: 2.16}
  m_AmbientGroundColor: {r: 0.6776471, g: 0.6522353, b: 0.6522353, a: 2.16}
  m_AmbientIntensity: 2.16
  m_AmbientMode: 1
  m_SubtractiveShadowColor: {r: 0.42, g: 0.478, b: 0.627, a: 1}
  m_SkyboxMaterial: {fileID: 2100000, guid: d734bc13da59fdc448b2626435b8642d, type: 2}
  m_HaloStrength: 0.5
  m_FlareStrength: 1
  m_FlareFadeSpeed: 3
  m_HaloTexture: {fileID: 0}
  m_SpotCookie: {fileID: 10001, guid: 0000000000000000e000000000000000, type: 0}
  m_DefaultReflectionMode: 0
  m_DefaultReflectionResolution: 128
  m_ReflectionBounces: 1
  m_ReflectionIntensity: 1
  m_CustomReflection: {fileID: 0}
  m_Sun: {fileID: 0}
  m_IndirectSpecularColor: {r: 0, g: 0, b: 0, a: 1}
--- !u!157 &9
LightmapSettings:
  m_ObjectHideFlags: 0
  serializedVersion: 9
  m_GIWorkflowMode: 1
  m_GISettings:
    serializedVersion: 2
    m_BounceScale: 1
    m_IndirectOutputScale: 1
    m_AlbedoBoost: 1
    m_TemporalCoherenceThreshold: 1
    m_EnvironmentLightingMode: 0
    m_EnableBakedLightmaps: 0
    m_EnableRealtimeLightmaps: 0
  m_LightmapEditorSettings:
    serializedVersion: 8
    m_Resolution: 1
    m_BakeResolution: 50
    m_TextureWidth: 1024
    m_TextureHeight: 1024
    m_AO: 0
    m_AOMaxDistance: 1
    m_CompAOExponent: 0
    m_CompAOExponentDirect: 0
    m_Padding: 2
    m_LightmapParameters: {fileID: 0}
    m_LightmapsBakeMode: 1
    m_TextureCompression: 0
    m_FinalGather: 0
    m_FinalGatherFiltering: 1
    m_FinalGatherRayCount: 1024
    m_ReflectionCompression: 2
    m_MixedBakeMode: 1
    m_BakeBackend: 0
    m_PVRSampling: 1
    m_PVRDirectSampleCount: 32
    m_PVRSampleCount: 500
    m_PVRBounces: 2
    m_PVRFiltering: 0
    m_PVRFilteringMode: 1
    m_PVRCulling: 1
    m_PVRFilteringGaussRadiusDirect: 1
    m_PVRFilteringGaussRadiusIndirect: 5
    m_PVRFilteringGaussRadiusAO: 2
    m_PVRFilteringAtrousColorSigma: 1
    m_PVRFilteringAtrousNormalSigma: 1
    m_PVRFilteringAtrousPositionSigma: 1
  m_LightingDataAsset: {fileID: 0}
  m_ShadowMaskMode: 2
--- !u!1 &7505795
GameObject:
  m_ObjectHideFlags: 0
  m_PrefabParentObject: {fileID: 125028, guid: 2cd64f48426f92f42b8fc576caa6c6e0, type: 2}
  m_PrefabInternal: {fileID: 0}
  serializedVersion: 5
  m_Component:
  - component: {fileID: 7505797}
  - component: {fileID: 7505796}
  - component: {fileID: 7505798}
  - component: {fileID: 7505799}
  m_Layer: 0
  m_Name: Open World Manager
  m_TagString: Untagged
  m_Icon: {fileID: 0}
  m_NavMeshLayer: 0
  m_StaticEditorFlags: 0
  m_IsActive: 1
--- !u!114 &7505796
MonoBehaviour:
  m_ObjectHideFlags: 0
  m_PrefabParentObject: {fileID: 11497022, guid: 2cd64f48426f92f42b8fc576caa6c6e0,
    type: 2}
  m_PrefabInternal: {fileID: 0}
  m_GameObject: {fileID: 7505795}
  m_Enabled: 1
  m_EditorHideFlags: 0
  m_Script: {fileID: 11500000, guid: ecc99e84e6270ae44b4059ea3a24d28f, type: 3}
  m_Name: 
  m_EditorClassIdentifier: 
  pauseWindow: {fileID: 1565408877}
  spawnPoint: {fileID: 476922993}
  pauseButton: {fileID: 0}
  cameraSwitchButton: {fileID: 0}
  disableSpawnPoint: {fileID: 1897603676}
  pauseText: {fileID: 33868612}
  restartButton: {fileID: 2080194654}
  spawnPointMesh:
  - {fileID: 1438693079}
  - {fileID: 1019087034}
  - {fileID: 530761582}
  - {fileID: 1609636943}
  - {fileID: 1839471926}
--- !u!4 &7505797
Transform:
  m_ObjectHideFlags: 0
  m_PrefabParentObject: {fileID: 495160, guid: 2cd64f48426f92f42b8fc576caa6c6e0, type: 2}
  m_PrefabInternal: {fileID: 0}
  m_GameObject: {fileID: 7505795}
  m_LocalRotation: {x: 0, y: 0, z: 0, w: 1}
  m_LocalPosition: {x: 318.54202, y: 0.075643025, z: 33.442104}
  m_LocalScale: {x: 1, y: 1, z: 1}
  m_Children: []
  m_Father: {fileID: 0}
  m_RootOrder: 3
  m_LocalEulerAnglesHint: {x: 0, y: 0, z: 0}
--- !u!114 &7505798
MonoBehaviour:
  m_ObjectHideFlags: 0
  m_PrefabParentObject: {fileID: 0}
  m_PrefabInternal: {fileID: 0}
  m_GameObject: {fileID: 7505795}
  m_Enabled: 1
  m_EditorHideFlags: 0
  m_Script: {fileID: 11500000, guid: 22f66cc873b257c4daa4056b9f538c02, type: 3}
  m_Name: 
  m_EditorClassIdentifier: 
  updateInterval: 0.5
  uiText: {fileID: 1761535914}
--- !u!114 &7505799
MonoBehaviour:
  m_ObjectHideFlags: 0
  m_PrefabParentObject: {fileID: 0}
  m_PrefabInternal: {fileID: 0}
  m_GameObject: {fileID: 7505795}
  m_Enabled: 1
  m_EditorHideFlags: 0
  m_Script: {fileID: 11500000, guid: ac42c0bdc7e2b234f905253d976a0f27, type: 3}
  m_Name: 
  m_EditorClassIdentifier: 
--- !u!1 &33868612
GameObject:
  m_ObjectHideFlags: 0
  m_PrefabParentObject: {fileID: 154302, guid: 2cd64f48426f92f42b8fc576caa6c6e0, type: 2}
  m_PrefabInternal: {fileID: 0}
  serializedVersion: 5
  m_Component:
  - component: {fileID: 33868615}
  - component: {fileID: 33868614}
  - component: {fileID: 33868613}
  m_Layer: 5
  m_Name: Text
  m_TagString: Untagged
  m_Icon: {fileID: 0}
  m_NavMeshLayer: 0
  m_StaticEditorFlags: 0
  m_IsActive: 1
--- !u!114 &33868613
MonoBehaviour:
  m_ObjectHideFlags: 0
  m_PrefabParentObject: {fileID: 11421958, guid: 2cd64f48426f92f42b8fc576caa6c6e0,
    type: 2}
  m_PrefabInternal: {fileID: 0}
  m_GameObject: {fileID: 33868612}
  m_Enabled: 1
  m_EditorHideFlags: 0
  m_Script: {fileID: 708705254, guid: f5f67c52d1564df4a8936ccd202a3bd8, type: 3}
  m_Name: 
  m_EditorClassIdentifier: 
  m_Material: {fileID: 0}
  m_Color: {r: 0.83137256, g: 0.9529412, b: 0.99607843, a: 1}
  m_RaycastTarget: 1
  m_OnCullStateChanged:
    m_PersistentCalls:
      m_Calls: []
    m_TypeName: UnityEngine.UI.MaskableGraphic+CullStateChangedEvent, UnityEngine.UI,
      Version=1.0.0.0, Culture=neutral, PublicKeyToken=null
  m_FontData:
    m_Font: {fileID: 10102, guid: 0000000000000000e000000000000000, type: 0}
    m_FontSize: 72
    m_FontStyle: 0
    m_BestFit: 0
    m_MinSize: 10
    m_MaxSize: 72
    m_Alignment: 4
    m_AlignByGeometry: 0
    m_RichText: 1
    m_HorizontalOverflow: 0
    m_VerticalOverflow: 0
    m_LineSpacing: 1
  m_Text: PAUSED
--- !u!222 &33868614
CanvasRenderer:
  m_ObjectHideFlags: 0
  m_PrefabParentObject: {fileID: 22228582, guid: 2cd64f48426f92f42b8fc576caa6c6e0,
    type: 2}
  m_PrefabInternal: {fileID: 0}
  m_GameObject: {fileID: 33868612}
--- !u!224 &33868615
RectTransform:
  m_ObjectHideFlags: 0
  m_PrefabParentObject: {fileID: 22402858, guid: 2cd64f48426f92f42b8fc576caa6c6e0,
    type: 2}
  m_PrefabInternal: {fileID: 0}
  m_GameObject: {fileID: 33868612}
  m_LocalRotation: {x: 0, y: 0, z: 0, w: 1}
  m_LocalPosition: {x: 0, y: 0, z: 0}
  m_LocalScale: {x: 1, y: 1, z: 1}
  m_Children: []
  m_Father: {fileID: 1565408878}
  m_RootOrder: 0
  m_LocalEulerAnglesHint: {x: 0, y: 0, z: 0}
  m_AnchorMin: {x: 0, y: 1}
  m_AnchorMax: {x: 0, y: 1}
  m_AnchoredPosition: {x: 800, y: -282.575}
  m_SizeDelta: {x: 412.03, y: 87.5}
  m_Pivot: {x: 0.5, y: 1}
--- !u!1 &217508368
GameObject:
  m_ObjectHideFlags: 0
  m_PrefabParentObject: {fileID: 124670, guid: 2cd64f48426f92f42b8fc576caa6c6e0, type: 2}
  m_PrefabInternal: {fileID: 0}
  serializedVersion: 5
  m_Component:
  - component: {fileID: 217508369}
  - component: {fileID: 217508371}
  - component: {fileID: 217508370}
  m_Layer: 5
  m_Name: Text 1
  m_TagString: Untagged
  m_Icon: {fileID: 0}
  m_NavMeshLayer: 0
  m_StaticEditorFlags: 0
  m_IsActive: 1
--- !u!224 &217508369
RectTransform:
  m_ObjectHideFlags: 0
  m_PrefabParentObject: {fileID: 22457268, guid: 2cd64f48426f92f42b8fc576caa6c6e0,
    type: 2}
  m_PrefabInternal: {fileID: 0}
  m_GameObject: {fileID: 217508368}
  m_LocalRotation: {x: 0, y: 0, z: 0, w: 1}
  m_LocalPosition: {x: 0, y: 0, z: 0}
  m_LocalScale: {x: 1, y: 1, z: 1}
  m_Children: []
  m_Father: {fileID: 577802464}
  m_RootOrder: 0
  m_LocalEulerAnglesHint: {x: 0, y: 0, z: 0}
  m_AnchorMin: {x: 0.5, y: 0.5}
  m_AnchorMax: {x: 0.5, y: 0.5}
  m_AnchoredPosition: {x: -180, y: 72.6}
  m_SizeDelta: {x: 360, y: 147.67}
  m_Pivot: {x: 0, y: 1}
--- !u!114 &217508370
MonoBehaviour:
  m_ObjectHideFlags: 0
  m_PrefabParentObject: {fileID: 11402420, guid: 2cd64f48426f92f42b8fc576caa6c6e0,
    type: 2}
  m_PrefabInternal: {fileID: 0}
  m_GameObject: {fileID: 217508368}
  m_Enabled: 1
  m_EditorHideFlags: 0
  m_Script: {fileID: 708705254, guid: f5f67c52d1564df4a8936ccd202a3bd8, type: 3}
  m_Name: 
  m_EditorClassIdentifier: 
  m_Material: {fileID: 0}
  m_Color: {r: 0, g: 0, b: 0, a: 1}
  m_RaycastTarget: 1
  m_OnCullStateChanged:
    m_PersistentCalls:
      m_Calls: []
    m_TypeName: UnityEngine.UI.MaskableGraphic+CullStateChangedEvent, UnityEngine.UI,
      Version=1.0.0.0, Culture=neutral, PublicKeyToken=null
  m_FontData:
    m_Font: {fileID: 10102, guid: 0000000000000000e000000000000000, type: 0}
    m_FontSize: 47
    m_FontStyle: 0
    m_BestFit: 0
    m_MinSize: 10
    m_MaxSize: 62
    m_Alignment: 4
    m_AlignByGeometry: 0
    m_RichText: 1
    m_HorizontalOverflow: 0
    m_VerticalOverflow: 0
    m_LineSpacing: 1
  m_Text: Load Garage
--- !u!222 &217508371
CanvasRenderer:
  m_ObjectHideFlags: 0
  m_PrefabParentObject: {fileID: 22229188, guid: 2cd64f48426f92f42b8fc576caa6c6e0,
    type: 2}
  m_PrefabInternal: {fileID: 0}
  m_GameObject: {fileID: 217508368}
--- !u!1 &283864701
GameObject:
  m_ObjectHideFlags: 0
  m_PrefabParentObject: {fileID: 155728, guid: 2cd64f48426f92f42b8fc576caa6c6e0, type: 2}
  m_PrefabInternal: {fileID: 0}
  serializedVersion: 5
  m_Component:
  - component: {fileID: 283864702}
  - component: {fileID: 283864704}
  - component: {fileID: 283864703}
  m_Layer: 5
  m_Name: Text 1
  m_TagString: Untagged
  m_Icon: {fileID: 0}
  m_NavMeshLayer: 0
  m_StaticEditorFlags: 0
  m_IsActive: 1
--- !u!224 &283864702
RectTransform:
  m_ObjectHideFlags: 0
  m_PrefabParentObject: {fileID: 22448980, guid: 2cd64f48426f92f42b8fc576caa6c6e0,
    type: 2}
  m_PrefabInternal: {fileID: 0}
  m_GameObject: {fileID: 283864701}
  m_LocalRotation: {x: 0, y: 0, z: 0, w: 1}
  m_LocalPosition: {x: 0, y: 0, z: 0}
  m_LocalScale: {x: 1, y: 1, z: 1}
  m_Children: []
  m_Father: {fileID: 1716776670}
  m_RootOrder: 0
  m_LocalEulerAnglesHint: {x: 0, y: 0, z: 0}
  m_AnchorMin: {x: 0.5, y: 0.5}
  m_AnchorMax: {x: 0.5, y: 0.5}
  m_AnchoredPosition: {x: -212.5, y: 45}
  m_SizeDelta: {x: 425, y: 90}
  m_Pivot: {x: 0, y: 1}
--- !u!114 &283864703
MonoBehaviour:
  m_ObjectHideFlags: 0
  m_PrefabParentObject: {fileID: 11415542, guid: 2cd64f48426f92f42b8fc576caa6c6e0,
    type: 2}
  m_PrefabInternal: {fileID: 0}
  m_GameObject: {fileID: 283864701}
  m_Enabled: 1
  m_EditorHideFlags: 0
  m_Script: {fileID: 708705254, guid: f5f67c52d1564df4a8936ccd202a3bd8, type: 3}
  m_Name: 
  m_EditorClassIdentifier: 
  m_Material: {fileID: 0}
  m_Color: {r: 0, g: 0, b: 0, a: 1}
  m_RaycastTarget: 1
  m_OnCullStateChanged:
    m_PersistentCalls:
      m_Calls: []
    m_TypeName: UnityEngine.UI.MaskableGraphic+CullStateChangedEvent, UnityEngine.UI,
      Version=1.0.0.0, Culture=neutral, PublicKeyToken=null
  m_FontData:
    m_Font: {fileID: 10102, guid: 0000000000000000e000000000000000, type: 0}
    m_FontSize: 47
    m_FontStyle: 0
    m_BestFit: 0
    m_MinSize: 10
    m_MaxSize: 55
    m_Alignment: 4
    m_AlignByGeometry: 0
    m_RichText: 1
    m_HorizontalOverflow: 0
    m_VerticalOverflow: 0
    m_LineSpacing: 1
  m_Text: Resume Game
--- !u!222 &283864704
CanvasRenderer:
  m_ObjectHideFlags: 0
  m_PrefabParentObject: {fileID: 22218042, guid: 2cd64f48426f92f42b8fc576caa6c6e0,
    type: 2}
  m_PrefabInternal: {fileID: 0}
  m_GameObject: {fileID: 283864701}
--- !u!1001 &355464226
Prefab:
  m_ObjectHideFlags: 0
  serializedVersion: 2
  m_Modification:
    m_TransformParent: {fileID: 0}
    m_Modifications:
    - target: {fileID: 457170, guid: fd4e6f255622ced4497f2aba6e8653c3, type: 2}
      propertyPath: m_LocalPosition.x
      value: 0
      objectReference: {fileID: 0}
    - target: {fileID: 457170, guid: fd4e6f255622ced4497f2aba6e8653c3, type: 2}
      propertyPath: m_LocalPosition.y
      value: 0
      objectReference: {fileID: 0}
    - target: {fileID: 457170, guid: fd4e6f255622ced4497f2aba6e8653c3, type: 2}
      propertyPath: m_LocalPosition.z
      value: 0
      objectReference: {fileID: 0}
    - target: {fileID: 457170, guid: fd4e6f255622ced4497f2aba6e8653c3, type: 2}
      propertyPath: m_LocalRotation.x
      value: 0
      objectReference: {fileID: 0}
    - target: {fileID: 457170, guid: fd4e6f255622ced4497f2aba6e8653c3, type: 2}
      propertyPath: m_LocalRotation.y
      value: 0
      objectReference: {fileID: 0}
    - target: {fileID: 457170, guid: fd4e6f255622ced4497f2aba6e8653c3, type: 2}
      propertyPath: m_LocalRotation.z
      value: 0
      objectReference: {fileID: 0}
    - target: {fileID: 457170, guid: fd4e6f255622ced4497f2aba6e8653c3, type: 2}
      propertyPath: m_LocalRotation.w
      value: 1
      objectReference: {fileID: 0}
    - target: {fileID: 457170, guid: fd4e6f255622ced4497f2aba6e8653c3, type: 2}
      propertyPath: m_RootOrder
      value: 1
      objectReference: {fileID: 0}
    - target: {fileID: 171526, guid: fd4e6f255622ced4497f2aba6e8653c3, type: 2}
      propertyPath: m_Name
      value: Circuit Hills Track
      objectReference: {fileID: 0}
    - target: {fileID: 108286, guid: fd4e6f255622ced4497f2aba6e8653c3, type: 2}
      propertyPath: m_IsActive
      value: 1
      objectReference: {fileID: 0}
    m_RemovedComponents: []
  m_ParentPrefab: {fileID: 100100000, guid: fd4e6f255622ced4497f2aba6e8653c3, type: 2}
  m_IsPrefabParent: 0
--- !u!1 &415490388
GameObject:
  m_ObjectHideFlags: 0
  m_PrefabParentObject: {fileID: 181190, guid: 2cd64f48426f92f42b8fc576caa6c6e0, type: 2}
  m_PrefabInternal: {fileID: 0}
  serializedVersion: 5
  m_Component:
  - component: {fileID: 415490392}
  - component: {fileID: 415490391}
  - component: {fileID: 415490390}
  - component: {fileID: 415490389}
  m_Layer: 5
  m_Name: UI
  m_TagString: Untagged
  m_Icon: {fileID: 0}
  m_NavMeshLayer: 0
  m_StaticEditorFlags: 0
  m_IsActive: 1
--- !u!114 &415490389
MonoBehaviour:
  m_ObjectHideFlags: 0
  m_PrefabParentObject: {fileID: 11476788, guid: 2cd64f48426f92f42b8fc576caa6c6e0,
    type: 2}
  m_PrefabInternal: {fileID: 0}
  m_GameObject: {fileID: 415490388}
  m_Enabled: 1
  m_EditorHideFlags: 0
  m_Script: {fileID: 1980459831, guid: f5f67c52d1564df4a8936ccd202a3bd8, type: 3}
  m_Name: 
  m_EditorClassIdentifier: 
  m_UiScaleMode: 1
  m_ReferencePixelsPerUnit: 100
  m_ScaleFactor: 1
  m_ReferenceResolution: {x: 800, y: 480}
  m_ScreenMatchMode: 0
  m_MatchWidthOrHeight: 0
  m_PhysicalUnit: 3
  m_FallbackScreenDPI: 96
  m_DefaultSpriteDPI: 96
  m_DynamicPixelsPerUnit: 1
--- !u!114 &415490390
MonoBehaviour:
  m_ObjectHideFlags: 0
  m_PrefabParentObject: {fileID: 11441490, guid: 2cd64f48426f92f42b8fc576caa6c6e0,
    type: 2}
  m_PrefabInternal: {fileID: 0}
  m_GameObject: {fileID: 415490388}
  m_Enabled: 1
  m_EditorHideFlags: 0
  m_Script: {fileID: 1301386320, guid: f5f67c52d1564df4a8936ccd202a3bd8, type: 3}
  m_Name: 
  m_EditorClassIdentifier: 
  m_IgnoreReversedGraphics: 1
  m_BlockingObjects: 0
  m_BlockingMask:
    serializedVersion: 2
    m_Bits: 4294967263
--- !u!223 &415490391
Canvas:
  m_ObjectHideFlags: 0
  m_PrefabParentObject: {fileID: 22374500, guid: 2cd64f48426f92f42b8fc576caa6c6e0,
    type: 2}
  m_PrefabInternal: {fileID: 0}
  m_GameObject: {fileID: 415490388}
  m_Enabled: 1
  serializedVersion: 3
  m_RenderMode: 0
  m_Camera: {fileID: 0}
  m_PlaneDistance: 100
  m_PixelPerfect: 1
  m_ReceivesEvents: 1
  m_OverrideSorting: 0
  m_OverridePixelPerfect: 0
  m_SortingBucketNormalizedSize: 0
  m_AdditionalShaderChannelsFlag: 25
  m_SortingLayerID: 0
  m_SortingOrder: 0
  m_TargetDisplay: 0
--- !u!224 &415490392
RectTransform:
  m_ObjectHideFlags: 0
  m_PrefabParentObject: {fileID: 22401626, guid: 2cd64f48426f92f42b8fc576caa6c6e0,
    type: 2}
  m_PrefabInternal: {fileID: 0}
  m_GameObject: {fileID: 415490388}
  m_LocalRotation: {x: 0, y: 0, z: 0, w: 1}
  m_LocalPosition: {x: 0, y: 0, z: 0}
  m_LocalScale: {x: 0, y: 0, z: 0}
  m_Children:
  - {fileID: 1023824419}
  - {fileID: 1761535913}
  - {fileID: 1972940674}
  - {fileID: 1773152819}
  - {fileID: 1051529943}
  - {fileID: 1565408878}
  m_Father: {fileID: 0}
  m_RootOrder: 4
  m_LocalEulerAnglesHint: {x: 0, y: 0, z: 0}
  m_AnchorMin: {x: 0, y: 0}
  m_AnchorMax: {x: 0, y: 0}
  m_AnchoredPosition: {x: 0, y: 0}
  m_SizeDelta: {x: 0, y: 0}
  m_Pivot: {x: 0, y: 0}
--- !u!1 &476922993
GameObject:
  m_ObjectHideFlags: 0
  m_PrefabParentObject: {fileID: 118176, guid: 2cd64f48426f92f42b8fc576caa6c6e0, type: 2}
  m_PrefabInternal: {fileID: 0}
  serializedVersion: 5
  m_Component:
  - component: {fileID: 476922994}
  m_Layer: 0
  m_Name: Player Spawn Location
  m_TagString: Untagged
  m_Icon: {fileID: 3936346786652291628, guid: 0000000000000000d000000000000000, type: 0}
  m_NavMeshLayer: 0
  m_StaticEditorFlags: 4294967295
  m_IsActive: 1
--- !u!4 &476922994
Transform:
  m_ObjectHideFlags: 0
  m_PrefabParentObject: {fileID: 418588, guid: 2cd64f48426f92f42b8fc576caa6c6e0, type: 2}
  m_PrefabInternal: {fileID: 0}
  m_GameObject: {fileID: 476922993}
  m_LocalRotation: {x: 0, y: 0.9857035, z: 0, w: 0.16848914}
  m_LocalPosition: {x: 359.12012, y: 111.95, z: 800.64825}
  m_LocalScale: {x: 1, y: 1, z: 1}
  m_Children:
  - {fileID: 1438693080}
  m_Father: {fileID: 1897603677}
  m_RootOrder: 0
  m_LocalEulerAnglesHint: {x: 0, y: 0, z: 0}
--- !u!1 &530761582
GameObject:
  m_ObjectHideFlags: 0
  m_PrefabParentObject: {fileID: 159124, guid: 2cd64f48426f92f42b8fc576caa6c6e0, type: 2}
  m_PrefabInternal: {fileID: 0}
  serializedVersion: 5
  m_Component:
  - component: {fileID: 530761583}
  - component: {fileID: 530761585}
  - component: {fileID: 530761584}
  m_Layer: 0
  m_Name: Editor Mesh
  m_TagString: Untagged
  m_Icon: {fileID: 0}
  m_NavMeshLayer: 0
  m_StaticEditorFlags: 4294967295
  m_IsActive: 1
--- !u!4 &530761583
Transform:
  m_ObjectHideFlags: 0
  m_PrefabParentObject: {fileID: 494396, guid: 2cd64f48426f92f42b8fc576caa6c6e0, type: 2}
  m_PrefabInternal: {fileID: 0}
  m_GameObject: {fileID: 530761582}
  m_LocalRotation: {x: -0.7071068, y: 0, z: 0, w: 0.7071067}
  m_LocalPosition: {x: 0, y: 0, z: 0}
  m_LocalScale: {x: 1, y: 1, z: 1}
  m_Children: []
  m_Father: {fileID: 1032823709}
  m_RootOrder: 0
  m_LocalEulerAnglesHint: {x: 0, y: 0, z: 0}
--- !u!33 &530761584
MeshFilter:
  m_ObjectHideFlags: 0
  m_PrefabParentObject: {fileID: 3391214, guid: 2cd64f48426f92f42b8fc576caa6c6e0,
    type: 2}
  m_PrefabInternal: {fileID: 0}
  m_GameObject: {fileID: 530761582}
  m_Mesh: {fileID: 4300000, guid: c16f5dcf3ee1639428c2eb0a533d8d98, type: 3}
--- !u!23 &530761585
MeshRenderer:
  m_ObjectHideFlags: 0
  m_PrefabParentObject: {fileID: 2309166, guid: 2cd64f48426f92f42b8fc576caa6c6e0,
    type: 2}
  m_PrefabInternal: {fileID: 0}
  m_GameObject: {fileID: 530761582}
  m_Enabled: 1
  m_CastShadows: 0
  m_ReceiveShadows: 0
  m_MotionVectors: 1
  m_LightProbeUsage: 0
  m_ReflectionProbeUsage: 0
  m_Materials:
  - {fileID: 2100000, guid: b9456afa8fbd6224f99fd5fe2b7dfa1d, type: 2}
  m_StaticBatchInfo:
    firstSubMesh: 0
    subMeshCount: 0
  m_StaticBatchRoot: {fileID: 0}
  m_ProbeAnchor: {fileID: 0}
  m_LightProbeVolumeOverride: {fileID: 0}
  m_ScaleInLightmap: 1
  m_PreserveUVs: 0
  m_IgnoreNormalsForChartDetection: 0
  m_ImportantGI: 0
  m_SelectedEditorRenderState: 3
  m_MinimumChartSize: 4
  m_AutoUVMaxDistance: 0.5
  m_AutoUVMaxAngle: 89
  m_LightmapParameters: {fileID: 0}
  m_SortingLayerID: 0
  m_SortingLayer: 0
  m_SortingOrder: 0
--- !u!1 &577802463
GameObject:
  m_ObjectHideFlags: 0
  m_PrefabParentObject: {fileID: 114682, guid: 2cd64f48426f92f42b8fc576caa6c6e0, type: 2}
  m_PrefabInternal: {fileID: 0}
  serializedVersion: 5
  m_Component:
  - component: {fileID: 577802464}
  - component: {fileID: 577802468}
  - component: {fileID: 577802467}
  - component: {fileID: 577802466}
  - component: {fileID: 577802465}
  m_Layer: 5
  m_Name: Load Garage Button
  m_TagString: Untagged
  m_Icon: {fileID: 0}
  m_NavMeshLayer: 0
  m_StaticEditorFlags: 0
  m_IsActive: 1
--- !u!224 &577802464
RectTransform:
  m_ObjectHideFlags: 0
  m_PrefabParentObject: {fileID: 22442576, guid: 2cd64f48426f92f42b8fc576caa6c6e0,
    type: 2}
  m_PrefabInternal: {fileID: 0}
  m_GameObject: {fileID: 577802463}
  m_LocalRotation: {x: 0, y: 0, z: 0, w: 1}
  m_LocalPosition: {x: 0, y: 0, z: 0}
  m_LocalScale: {x: 1, y: 1, z: 1}
  m_Children:
  - {fileID: 217508369}
  m_Father: {fileID: 1565408878}
  m_RootOrder: 2
  m_LocalEulerAnglesHint: {x: 0, y: 0, z: 0}
  m_AnchorMin: {x: 0, y: 1}
  m_AnchorMax: {x: 0, y: 1}
  m_AnchoredPosition: {x: 1006.015, y: -614.97504}
  m_SizeDelta: {x: 412.03, y: 87.5}
  m_Pivot: {x: 1, y: 0}
--- !u!114 &577802465
MonoBehaviour:
  m_ObjectHideFlags: 0
  m_PrefabParentObject: {fileID: 11486360, guid: 2cd64f48426f92f42b8fc576caa6c6e0,
    type: 2}
  m_PrefabInternal: {fileID: 0}
  m_GameObject: {fileID: 577802463}
  m_Enabled: 1
  m_EditorHideFlags: 0
  m_Script: {fileID: 1573420865, guid: f5f67c52d1564df4a8936ccd202a3bd8, type: 3}
  m_Name: 
  m_EditorClassIdentifier: 
  m_EffectColor: {r: 0, g: 0, b: 0, a: 1}
  m_EffectDistance: {x: 0, y: -2}
  m_UseGraphicAlpha: 1
--- !u!114 &577802466
MonoBehaviour:
  m_ObjectHideFlags: 0
  m_PrefabParentObject: {fileID: 11451432, guid: 2cd64f48426f92f42b8fc576caa6c6e0,
    type: 2}
  m_PrefabInternal: {fileID: 0}
  m_GameObject: {fileID: 577802463}
  m_Enabled: 1
  m_EditorHideFlags: 0
  m_Script: {fileID: -765806418, guid: f5f67c52d1564df4a8936ccd202a3bd8, type: 3}
  m_Name: 
  m_EditorClassIdentifier: 
  m_Material: {fileID: 0}
  m_Color: {r: 1, g: 1, b: 1, a: 0.828}
  m_RaycastTarget: 1
  m_OnCullStateChanged:
    m_PersistentCalls:
      m_Calls: []
    m_TypeName: UnityEngine.UI.MaskableGraphic+CullStateChangedEvent, UnityEngine.UI,
      Version=1.0.0.0, Culture=neutral, PublicKeyToken=null
  m_Sprite: {fileID: 10905, guid: 0000000000000000f000000000000000, type: 0}
  m_Type: 1
  m_PreserveAspect: 0
  m_FillCenter: 1
  m_FillMethod: 4
  m_FillAmount: 1
  m_FillClockwise: 1
  m_FillOrigin: 0
--- !u!222 &577802467
CanvasRenderer:
  m_ObjectHideFlags: 0
  m_PrefabParentObject: {fileID: 22251416, guid: 2cd64f48426f92f42b8fc576caa6c6e0,
    type: 2}
  m_PrefabInternal: {fileID: 0}
  m_GameObject: {fileID: 577802463}
--- !u!114 &577802468
MonoBehaviour:
  m_ObjectHideFlags: 0
  m_PrefabParentObject: {fileID: 11404574, guid: 2cd64f48426f92f42b8fc576caa6c6e0,
    type: 2}
  m_PrefabInternal: {fileID: 0}
  m_GameObject: {fileID: 577802463}
  m_Enabled: 1
  m_EditorHideFlags: 0
  m_Script: {fileID: 1392445389, guid: f5f67c52d1564df4a8936ccd202a3bd8, type: 3}
  m_Name: 
  m_EditorClassIdentifier: 
  m_Navigation:
    m_Mode: 3
    m_SelectOnUp: {fileID: 0}
    m_SelectOnDown: {fileID: 0}
    m_SelectOnLeft: {fileID: 0}
    m_SelectOnRight: {fileID: 0}
  m_Transition: 1
  m_Colors:
    m_NormalColor: {r: 0.44313726, g: 0.85882354, b: 0.91764706, a: 0.44313726}
    m_HighlightedColor: {r: 0, g: 0.95686275, b: 1, a: 1}
    m_PressedColor: {r: 0.15686275, g: 1, b: 0, a: 1}
    m_DisabledColor: {r: 0.18039216, g: 0.8901961, b: 1, a: 0.2784314}
    m_ColorMultiplier: 1
    m_FadeDuration: 0.1
  m_SpriteState:
    m_HighlightedSprite: {fileID: 0}
    m_PressedSprite: {fileID: 0}
    m_DisabledSprite: {fileID: 0}
  m_AnimationTriggers:
    m_NormalTrigger: Normal
    m_HighlightedTrigger: Highlighted
    m_PressedTrigger: Pressed
    m_DisabledTrigger: Disabled
  m_Interactable: 1
  m_TargetGraphic: {fileID: 577802466}
  m_OnClick:
    m_PersistentCalls:
      m_Calls:
      - m_Target: {fileID: 7505796}
        m_MethodName: LoadGarageButton
        m_Mode: 1
        m_Arguments:
          m_ObjectArgument: {fileID: 0}
          m_ObjectArgumentAssemblyTypeName: UnityEngine.Object, UnityEngine
          m_IntArgument: 0
          m_FloatArgument: 0
          m_StringArgument: 
          m_BoolArgument: 0
        m_CallState: 2
    m_TypeName: UnityEngine.UI.Button+ButtonClickedEvent, UnityEngine.UI, Version=1.0.0.0,
      Culture=neutral, PublicKeyToken=null
--- !u!1 &753007555
GameObject:
  m_ObjectHideFlags: 0
  m_PrefabParentObject: {fileID: 144278, guid: 2cd64f48426f92f42b8fc576caa6c6e0, type: 2}
  m_PrefabInternal: {fileID: 0}
  serializedVersion: 5
  m_Component:
  - component: {fileID: 753007556}
  - component: {fileID: 753007557}
  m_Layer: 0
  m_Name: Network Spawn Location (1)
  m_TagString: Untagged
  m_Icon: {fileID: 3936346786652291628, guid: 0000000000000000d000000000000000, type: 0}
  m_NavMeshLayer: 0
  m_StaticEditorFlags: 4294967295
  m_IsActive: 1
--- !u!4 &753007556
Transform:
  m_ObjectHideFlags: 0
  m_PrefabParentObject: {fileID: 476070, guid: 2cd64f48426f92f42b8fc576caa6c6e0, type: 2}
  m_PrefabInternal: {fileID: 0}
  m_GameObject: {fileID: 753007555}
  m_LocalRotation: {x: 0, y: 0.9857035, z: 0, w: 0.16848914}
  m_LocalPosition: {x: 359.12012, y: 111.95, z: 800.64825}
  m_LocalScale: {x: 1, y: 1, z: 1}
  m_Children:
  - {fileID: 1019087035}
  m_Father: {fileID: 1897603677}
  m_RootOrder: 1
  m_LocalEulerAnglesHint: {x: 0, y: 0, z: 0}
--- !u!114 &753007557
MonoBehaviour:
  m_ObjectHideFlags: 0
  m_PrefabParentObject: {fileID: 11460322, guid: 2cd64f48426f92f42b8fc576caa6c6e0,
    type: 2}
  m_PrefabInternal: {fileID: 0}
  m_GameObject: {fileID: 753007555}
  m_Enabled: 1
  m_EditorHideFlags: 0
  m_Script: {fileID: -1050975500, guid: 870353891bb340e2b2a9c8707e7419ba, type: 3}
  m_Name: 
  m_EditorClassIdentifier: 
--- !u!1 &1019087034
GameObject:
  m_ObjectHideFlags: 0
  m_PrefabParentObject: {fileID: 181214, guid: 2cd64f48426f92f42b8fc576caa6c6e0, type: 2}
  m_PrefabInternal: {fileID: 0}
  serializedVersion: 5
  m_Component:
  - component: {fileID: 1019087035}
  - component: {fileID: 1019087037}
  - component: {fileID: 1019087036}
  m_Layer: 0
  m_Name: Editor Mesh
  m_TagString: Untagged
  m_Icon: {fileID: 0}
  m_NavMeshLayer: 0
  m_StaticEditorFlags: 4294967295
  m_IsActive: 1
--- !u!4 &1019087035
Transform:
  m_ObjectHideFlags: 0
  m_PrefabParentObject: {fileID: 457486, guid: 2cd64f48426f92f42b8fc576caa6c6e0, type: 2}
  m_PrefabInternal: {fileID: 0}
  m_GameObject: {fileID: 1019087034}
  m_LocalRotation: {x: -0.7071068, y: 0, z: 0, w: 0.7071067}
  m_LocalPosition: {x: 0, y: 0, z: 0}
  m_LocalScale: {x: 1, y: 1, z: 1}
  m_Children: []
  m_Father: {fileID: 753007556}
  m_RootOrder: 0
  m_LocalEulerAnglesHint: {x: 0, y: 0, z: 0}
--- !u!33 &1019087036
MeshFilter:
  m_ObjectHideFlags: 0
  m_PrefabParentObject: {fileID: 3363892, guid: 2cd64f48426f92f42b8fc576caa6c6e0,
    type: 2}
  m_PrefabInternal: {fileID: 0}
  m_GameObject: {fileID: 1019087034}
  m_Mesh: {fileID: 4300000, guid: c16f5dcf3ee1639428c2eb0a533d8d98, type: 3}
--- !u!23 &1019087037
MeshRenderer:
  m_ObjectHideFlags: 0
  m_PrefabParentObject: {fileID: 2398316, guid: 2cd64f48426f92f42b8fc576caa6c6e0,
    type: 2}
  m_PrefabInternal: {fileID: 0}
  m_GameObject: {fileID: 1019087034}
  m_Enabled: 1
  m_CastShadows: 0
  m_ReceiveShadows: 0
  m_MotionVectors: 1
  m_LightProbeUsage: 0
  m_ReflectionProbeUsage: 0
  m_Materials:
  - {fileID: 2100000, guid: b9456afa8fbd6224f99fd5fe2b7dfa1d, type: 2}
  m_StaticBatchInfo:
    firstSubMesh: 0
    subMeshCount: 0
  m_StaticBatchRoot: {fileID: 0}
  m_ProbeAnchor: {fileID: 0}
  m_LightProbeVolumeOverride: {fileID: 0}
  m_ScaleInLightmap: 1
  m_PreserveUVs: 0
  m_IgnoreNormalsForChartDetection: 0
  m_ImportantGI: 0
  m_SelectedEditorRenderState: 3
  m_MinimumChartSize: 4
  m_AutoUVMaxDistance: 0.5
  m_AutoUVMaxAngle: 89
  m_LightmapParameters: {fileID: 0}
  m_SortingLayerID: 0
  m_SortingLayer: 0
  m_SortingOrder: 0
--- !u!1 &1023824418
GameObject:
  m_ObjectHideFlags: 0
  m_PrefabParentObject: {fileID: 117818, guid: 2cd64f48426f92f42b8fc576caa6c6e0, type: 2}
  m_PrefabInternal: {fileID: 0}
  serializedVersion: 5
  m_Component:
  - component: {fileID: 1023824419}
  - component: {fileID: 1023824422}
  - component: {fileID: 1023824421}
  - component: {fileID: 1023824420}
  m_Layer: 0
  m_Name: EventSystem
  m_TagString: Untagged
  m_Icon: {fileID: 0}
  m_NavMeshLayer: 0
  m_StaticEditorFlags: 0
  m_IsActive: 1
--- !u!4 &1023824419
Transform:
  m_ObjectHideFlags: 0
  m_PrefabParentObject: {fileID: 498566, guid: 2cd64f48426f92f42b8fc576caa6c6e0, type: 2}
  m_PrefabInternal: {fileID: 0}
  m_GameObject: {fileID: 1023824418}
  m_LocalRotation: {x: 0, y: 0, z: 0, w: 1}
  m_LocalPosition: {x: -400, y: -240, z: 0}
  m_LocalScale: {x: 1, y: 1, z: 1}
  m_Children: []
  m_Father: {fileID: 415490392}
  m_RootOrder: 0
  m_LocalEulerAnglesHint: {x: 0, y: 0, z: 0}
--- !u!114 &1023824420
MonoBehaviour:
  m_ObjectHideFlags: 0
  m_PrefabParentObject: {fileID: 11404654, guid: 2cd64f48426f92f42b8fc576caa6c6e0,
    type: 2}
  m_PrefabInternal: {fileID: 0}
  m_GameObject: {fileID: 1023824418}
  m_Enabled: 1
  m_EditorHideFlags: 0
  m_Script: {fileID: 1997211142, guid: f5f67c52d1564df4a8936ccd202a3bd8, type: 3}
  m_Name: 
  m_EditorClassIdentifier: 
  m_ForceModuleActive: 0
--- !u!114 &1023824421
MonoBehaviour:
  m_ObjectHideFlags: 0
  m_PrefabParentObject: {fileID: 11470598, guid: 2cd64f48426f92f42b8fc576caa6c6e0,
    type: 2}
  m_PrefabInternal: {fileID: 0}
  m_GameObject: {fileID: 1023824418}
  m_Enabled: 1
  m_EditorHideFlags: 0
  m_Script: {fileID: 1077351063, guid: f5f67c52d1564df4a8936ccd202a3bd8, type: 3}
  m_Name: 
  m_EditorClassIdentifier: 
  m_HorizontalAxis: Horizontal
  m_VerticalAxis: Vertical
  m_SubmitButton: Submit
  m_CancelButton: Cancel
  m_InputActionsPerSecond: 10
  m_RepeatDelay: 0.5
  m_ForceModuleActive: 0
--- !u!114 &1023824422
MonoBehaviour:
  m_ObjectHideFlags: 0
  m_PrefabParentObject: {fileID: 11474464, guid: 2cd64f48426f92f42b8fc576caa6c6e0,
    type: 2}
  m_PrefabInternal: {fileID: 0}
  m_GameObject: {fileID: 1023824418}
  m_Enabled: 1
  m_EditorHideFlags: 0
  m_Script: {fileID: -619905303, guid: f5f67c52d1564df4a8936ccd202a3bd8, type: 3}
  m_Name: 
  m_EditorClassIdentifier: 
  m_FirstSelected: {fileID: 0}
  m_sendNavigationEvents: 0
  m_DragThreshold: 5
--- !u!1 &1032823708
GameObject:
  m_ObjectHideFlags: 0
  m_PrefabParentObject: {fileID: 134792, guid: 2cd64f48426f92f42b8fc576caa6c6e0, type: 2}
  m_PrefabInternal: {fileID: 0}
  serializedVersion: 5
  m_Component:
  - component: {fileID: 1032823709}
  - component: {fileID: 1032823710}
  m_Layer: 0
  m_Name: Network Spawn Location (2)
  m_TagString: Untagged
  m_Icon: {fileID: 3936346786652291628, guid: 0000000000000000d000000000000000, type: 0}
  m_NavMeshLayer: 0
  m_StaticEditorFlags: 4294967295
  m_IsActive: 1
--- !u!4 &1032823709
Transform:
  m_ObjectHideFlags: 0
  m_PrefabParentObject: {fileID: 448694, guid: 2cd64f48426f92f42b8fc576caa6c6e0, type: 2}
  m_PrefabInternal: {fileID: 0}
  m_GameObject: {fileID: 1032823708}
  m_LocalRotation: {x: 0, y: 0.9857035, z: 0, w: 0.16848914}
  m_LocalPosition: {x: 354.1, y: 111.95, z: 800.64825}
  m_LocalScale: {x: 1, y: 1, z: 1}
  m_Children:
  - {fileID: 530761583}
  m_Father: {fileID: 1897603677}
  m_RootOrder: 2
  m_LocalEulerAnglesHint: {x: 0, y: 0, z: 0}
--- !u!114 &1032823710
MonoBehaviour:
  m_ObjectHideFlags: 0
  m_PrefabParentObject: {fileID: 11480568, guid: 2cd64f48426f92f42b8fc576caa6c6e0,
    type: 2}
  m_PrefabInternal: {fileID: 0}
  m_GameObject: {fileID: 1032823708}
  m_Enabled: 1
  m_EditorHideFlags: 0
  m_Script: {fileID: -1050975500, guid: 870353891bb340e2b2a9c8707e7419ba, type: 3}
  m_Name: 
  m_EditorClassIdentifier: 
--- !u!1001 &1051529942
Prefab:
  m_ObjectHideFlags: 0
  serializedVersion: 2
  m_Modification:
    m_TransformParent: {fileID: 415490392}
    m_Modifications:
    - target: {fileID: 405108, guid: 36eceb5e8c1de8b468fdfa3af4ce28ad, type: 2}
      propertyPath: m_LocalPosition.x
      value: 0
      objectReference: {fileID: 0}
    - target: {fileID: 405108, guid: 36eceb5e8c1de8b468fdfa3af4ce28ad, type: 2}
      propertyPath: m_LocalPosition.y
      value: 0
      objectReference: {fileID: 0}
    - target: {fileID: 405108, guid: 36eceb5e8c1de8b468fdfa3af4ce28ad, type: 2}
      propertyPath: m_LocalPosition.z
      value: 0
      objectReference: {fileID: 0}
    - target: {fileID: 405108, guid: 36eceb5e8c1de8b468fdfa3af4ce28ad, type: 2}
      propertyPath: m_LocalRotation.x
      value: 0
      objectReference: {fileID: 0}
    - target: {fileID: 405108, guid: 36eceb5e8c1de8b468fdfa3af4ce28ad, type: 2}
      propertyPath: m_LocalRotation.y
      value: 0
      objectReference: {fileID: 0}
    - target: {fileID: 405108, guid: 36eceb5e8c1de8b468fdfa3af4ce28ad, type: 2}
      propertyPath: m_LocalRotation.z
      value: 0
      objectReference: {fileID: 0}
    - target: {fileID: 405108, guid: 36eceb5e8c1de8b468fdfa3af4ce28ad, type: 2}
      propertyPath: m_LocalRotation.w
      value: 1
      objectReference: {fileID: 0}
    - target: {fileID: 405108, guid: 36eceb5e8c1de8b468fdfa3af4ce28ad, type: 2}
      propertyPath: m_RootOrder
      value: 4
      objectReference: {fileID: 0}
    - target: {fileID: 11441256, guid: 36eceb5e8c1de8b468fdfa3af4ce28ad, type: 2}
      propertyPath: startDelay
      value: 1
      objectReference: {fileID: 0}
    - target: {fileID: 22480324, guid: 36eceb5e8c1de8b468fdfa3af4ce28ad, type: 2}
      propertyPath: m_RootOrder
      value: 4
      objectReference: {fileID: 0}
    m_RemovedComponents: []
  m_ParentPrefab: {fileID: 100100000, guid: 36eceb5e8c1de8b468fdfa3af4ce28ad, type: 2}
  m_IsPrefabParent: 0
--- !u!224 &1051529943 stripped
RectTransform:
  m_PrefabParentObject: {fileID: 22480324, guid: 36eceb5e8c1de8b468fdfa3af4ce28ad,
    type: 2}
  m_PrefabInternal: {fileID: 1051529942}
--- !u!1 &1438693079
GameObject:
  m_ObjectHideFlags: 0
  m_PrefabParentObject: {fileID: 159888, guid: 2cd64f48426f92f42b8fc576caa6c6e0, type: 2}
  m_PrefabInternal: {fileID: 0}
  serializedVersion: 5
  m_Component:
  - component: {fileID: 1438693080}
  - component: {fileID: 1438693082}
  - component: {fileID: 1438693081}
  m_Layer: 0
  m_Name: Editor Mesh
  m_TagString: Untagged
  m_Icon: {fileID: 0}
  m_NavMeshLayer: 0
  m_StaticEditorFlags: 4294967295
  m_IsActive: 1
--- !u!4 &1438693080
Transform:
  m_ObjectHideFlags: 0
  m_PrefabParentObject: {fileID: 476590, guid: 2cd64f48426f92f42b8fc576caa6c6e0, type: 2}
  m_PrefabInternal: {fileID: 0}
  m_GameObject: {fileID: 1438693079}
  m_LocalRotation: {x: -0.7071068, y: 0, z: 0, w: 0.7071067}
  m_LocalPosition: {x: 0, y: 0, z: 0}
  m_LocalScale: {x: 1, y: 1, z: 1}
  m_Children: []
  m_Father: {fileID: 476922994}
  m_RootOrder: 0
  m_LocalEulerAnglesHint: {x: 0, y: 0, z: 0}
--- !u!33 &1438693081
MeshFilter:
  m_ObjectHideFlags: 0
  m_PrefabParentObject: {fileID: 3377958, guid: 2cd64f48426f92f42b8fc576caa6c6e0,
    type: 2}
  m_PrefabInternal: {fileID: 0}
  m_GameObject: {fileID: 1438693079}
  m_Mesh: {fileID: 4300000, guid: c16f5dcf3ee1639428c2eb0a533d8d98, type: 3}
--- !u!23 &1438693082
MeshRenderer:
  m_ObjectHideFlags: 0
  m_PrefabParentObject: {fileID: 2390760, guid: 2cd64f48426f92f42b8fc576caa6c6e0,
    type: 2}
  m_PrefabInternal: {fileID: 0}
  m_GameObject: {fileID: 1438693079}
  m_Enabled: 1
  m_CastShadows: 0
  m_ReceiveShadows: 0
  m_MotionVectors: 1
  m_LightProbeUsage: 0
  m_ReflectionProbeUsage: 0
  m_Materials:
  - {fileID: 2100000, guid: b9456afa8fbd6224f99fd5fe2b7dfa1d, type: 2}
  m_StaticBatchInfo:
    firstSubMesh: 0
    subMeshCount: 0
  m_StaticBatchRoot: {fileID: 0}
  m_ProbeAnchor: {fileID: 0}
  m_LightProbeVolumeOverride: {fileID: 0}
  m_ScaleInLightmap: 1
  m_PreserveUVs: 0
  m_IgnoreNormalsForChartDetection: 0
  m_ImportantGI: 0
  m_SelectedEditorRenderState: 3
  m_MinimumChartSize: 4
  m_AutoUVMaxDistance: 0.5
  m_AutoUVMaxAngle: 89
  m_LightmapParameters: {fileID: 0}
  m_SortingLayerID: 0
  m_SortingLayer: 0
  m_SortingOrder: 0
--- !u!1 &1565408877
GameObject:
  m_ObjectHideFlags: 0
  m_PrefabParentObject: {fileID: 143308, guid: 2cd64f48426f92f42b8fc576caa6c6e0, type: 2}
  m_PrefabInternal: {fileID: 0}
  serializedVersion: 5
  m_Component:
  - component: {fileID: 1565408878}
  - component: {fileID: 1565408882}
  - component: {fileID: 1565408881}
  - component: {fileID: 1565408880}
  - component: {fileID: 1565408879}
  m_Layer: 0
  m_Name: Pause Window
  m_TagString: Untagged
  m_Icon: {fileID: 0}
  m_NavMeshLayer: 0
  m_StaticEditorFlags: 0
  m_IsActive: 0
--- !u!224 &1565408878
RectTransform:
  m_ObjectHideFlags: 0
  m_PrefabParentObject: {fileID: 22433930, guid: 2cd64f48426f92f42b8fc576caa6c6e0,
    type: 2}
  m_PrefabInternal: {fileID: 0}
  m_GameObject: {fileID: 1565408877}
  m_LocalRotation: {x: 0, y: 0, z: 0, w: 1}
  m_LocalPosition: {x: 0, y: 0, z: 0}
  m_LocalScale: {x: 0.5, y: 0.5, z: 0.5}
  m_Children:
  - {fileID: 33868615}
  - {fileID: 1716776670}
  - {fileID: 577802464}
  - {fileID: 2080194655}
  m_Father: {fileID: 415490392}
  m_RootOrder: 5
  m_LocalEulerAnglesHint: {x: 0, y: 0, z: 0}
  m_AnchorMin: {x: 0.5, y: 0.5}
  m_AnchorMax: {x: 0.5, y: 0.5}
  m_AnchoredPosition: {x: 0, y: 0}
  m_SizeDelta: {x: 1600, y: 1020}
  m_Pivot: {x: 0.5, y: 0.5}
--- !u!114 &1565408879
MonoBehaviour:
  m_ObjectHideFlags: 0
  m_PrefabParentObject: {fileID: 11425986, guid: 2cd64f48426f92f42b8fc576caa6c6e0,
    type: 2}
  m_PrefabInternal: {fileID: 0}
  m_GameObject: {fileID: 1565408877}
  m_Enabled: 1
  m_EditorHideFlags: 0
  m_Script: {fileID: -2095666955, guid: f5f67c52d1564df4a8936ccd202a3bd8, type: 3}
  m_Name: 
  m_EditorClassIdentifier: 
  m_Padding:
    m_Left: 0
    m_Right: 0
    m_Top: 0
    m_Bottom: 0
  m_ChildAlignment: 4
  m_StartCorner: 0
  m_StartAxis: 1
  m_CellSize: {x: 412.03, y: 87.5}
  m_Spacing: {x: 184.9, y: 34.95}
  m_Constraint: 1
  m_ConstraintCount: 1
--- !u!225 &1565408880
CanvasGroup:
  m_ObjectHideFlags: 0
  m_PrefabParentObject: {fileID: 22565868, guid: 2cd64f48426f92f42b8fc576caa6c6e0,
    type: 2}
  m_PrefabInternal: {fileID: 0}
  m_GameObject: {fileID: 1565408877}
  m_Enabled: 1
  m_Alpha: 1
  m_Interactable: 1
  m_BlocksRaycasts: 1
  m_IgnoreParentGroups: 0
--- !u!114 &1565408881
MonoBehaviour:
  m_ObjectHideFlags: 0
  m_PrefabParentObject: {fileID: 11459236, guid: 2cd64f48426f92f42b8fc576caa6c6e0,
    type: 2}
  m_PrefabInternal: {fileID: 0}
  m_GameObject: {fileID: 1565408877}
  m_Enabled: 1
  m_EditorHideFlags: 0
  m_Script: {fileID: -765806418, guid: f5f67c52d1564df4a8936ccd202a3bd8, type: 3}
  m_Name: 
  m_EditorClassIdentifier: 
  m_Material: {fileID: 0}
  m_Color: {r: 0.23326461, g: 0.2218858, b: 0.41911763, a: 0.291}
  m_RaycastTarget: 1
  m_OnCullStateChanged:
    m_PersistentCalls:
      m_Calls: []
    m_TypeName: UnityEngine.UI.MaskableGraphic+CullStateChangedEvent, UnityEngine.UI,
      Version=1.0.0.0, Culture=neutral, PublicKeyToken=null
  m_Sprite: {fileID: 10905, guid: 0000000000000000f000000000000000, type: 0}
  m_Type: 1
  m_PreserveAspect: 0
  m_FillCenter: 1
  m_FillMethod: 4
  m_FillAmount: 1
  m_FillClockwise: 1
  m_FillOrigin: 0
--- !u!222 &1565408882
CanvasRenderer:
  m_ObjectHideFlags: 0
  m_PrefabParentObject: {fileID: 22270334, guid: 2cd64f48426f92f42b8fc576caa6c6e0,
    type: 2}
  m_PrefabInternal: {fileID: 0}
  m_GameObject: {fileID: 1565408877}
--- !u!1 &1609636943
GameObject:
  m_ObjectHideFlags: 0
  m_PrefabParentObject: {fileID: 175446, guid: 2cd64f48426f92f42b8fc576caa6c6e0, type: 2}
  m_PrefabInternal: {fileID: 0}
  serializedVersion: 5
  m_Component:
  - component: {fileID: 1609636944}
  - component: {fileID: 1609636946}
  - component: {fileID: 1609636945}
  m_Layer: 0
  m_Name: Editor Mesh
  m_TagString: Untagged
  m_Icon: {fileID: 0}
  m_NavMeshLayer: 0
  m_StaticEditorFlags: 4294967295
  m_IsActive: 1
--- !u!4 &1609636944
Transform:
  m_ObjectHideFlags: 0
  m_PrefabParentObject: {fileID: 477836, guid: 2cd64f48426f92f42b8fc576caa6c6e0, type: 2}
  m_PrefabInternal: {fileID: 0}
  m_GameObject: {fileID: 1609636943}
  m_LocalRotation: {x: -0.7071068, y: 0, z: 0, w: 0.7071067}
  m_LocalPosition: {x: 0, y: 0, z: 0}
  m_LocalScale: {x: 1, y: 1, z: 1}
  m_Children: []
  m_Father: {fileID: 1785366680}
  m_RootOrder: 0
  m_LocalEulerAnglesHint: {x: 0, y: 0, z: 0}
--- !u!33 &1609636945
MeshFilter:
  m_ObjectHideFlags: 0
  m_PrefabParentObject: {fileID: 3355140, guid: 2cd64f48426f92f42b8fc576caa6c6e0,
    type: 2}
  m_PrefabInternal: {fileID: 0}
  m_GameObject: {fileID: 1609636943}
  m_Mesh: {fileID: 4300000, guid: c16f5dcf3ee1639428c2eb0a533d8d98, type: 3}
--- !u!23 &1609636946
MeshRenderer:
  m_ObjectHideFlags: 0
  m_PrefabParentObject: {fileID: 2386952, guid: 2cd64f48426f92f42b8fc576caa6c6e0,
    type: 2}
  m_PrefabInternal: {fileID: 0}
  m_GameObject: {fileID: 1609636943}
  m_Enabled: 1
  m_CastShadows: 0
  m_ReceiveShadows: 0
  m_MotionVectors: 1
  m_LightProbeUsage: 0
  m_ReflectionProbeUsage: 0
  m_Materials:
  - {fileID: 2100000, guid: b9456afa8fbd6224f99fd5fe2b7dfa1d, type: 2}
  m_StaticBatchInfo:
    firstSubMesh: 0
    subMeshCount: 0
  m_StaticBatchRoot: {fileID: 0}
  m_ProbeAnchor: {fileID: 0}
  m_LightProbeVolumeOverride: {fileID: 0}
  m_ScaleInLightmap: 1
  m_PreserveUVs: 0
  m_IgnoreNormalsForChartDetection: 0
  m_ImportantGI: 0
  m_SelectedEditorRenderState: 3
  m_MinimumChartSize: 4
  m_AutoUVMaxDistance: 0.5
  m_AutoUVMaxAngle: 89
  m_LightmapParameters: {fileID: 0}
  m_SortingLayerID: 0
  m_SortingLayer: 0
  m_SortingOrder: 0
--- !u!1 &1633754820
GameObject:
  m_ObjectHideFlags: 0
  m_PrefabParentObject: {fileID: 133342, guid: 2cd64f48426f92f42b8fc576caa6c6e0, type: 2}
  m_PrefabInternal: {fileID: 0}
  serializedVersion: 5
  m_Component:
  - component: {fileID: 1633754821}
  - component: {fileID: 1633754822}
  m_Layer: 0
  m_Name: Network Spawn Location (4)
  m_TagString: Untagged
  m_Icon: {fileID: 3936346786652291628, guid: 0000000000000000d000000000000000, type: 0}
  m_NavMeshLayer: 0
  m_StaticEditorFlags: 4294967295
  m_IsActive: 1
--- !u!4 &1633754821
Transform:
  m_ObjectHideFlags: 0
  m_PrefabParentObject: {fileID: 439286, guid: 2cd64f48426f92f42b8fc576caa6c6e0, type: 2}
  m_PrefabInternal: {fileID: 0}
  m_GameObject: {fileID: 1633754820}
  m_LocalRotation: {x: 0, y: 0.9857035, z: 0, w: 0.16848914}
  m_LocalPosition: {x: 342.98, y: 111.95, z: 800.64825}
  m_LocalScale: {x: 1, y: 1, z: 1}
  m_Children:
  - {fileID: 1839471929}
  m_Father: {fileID: 1897603677}
  m_RootOrder: 4
  m_LocalEulerAnglesHint: {x: 0, y: 0, z: 0}
--- !u!114 &1633754822
MonoBehaviour:
  m_ObjectHideFlags: 0
  m_PrefabParentObject: {fileID: 11439156, guid: 2cd64f48426f92f42b8fc576caa6c6e0,
    type: 2}
  m_PrefabInternal: {fileID: 0}
  m_GameObject: {fileID: 1633754820}
  m_Enabled: 1
  m_EditorHideFlags: 0
  m_Script: {fileID: -1050975500, guid: 870353891bb340e2b2a9c8707e7419ba, type: 3}
  m_Name: 
  m_EditorClassIdentifier: 
--- !u!1 &1716776669
GameObject:
  m_ObjectHideFlags: 0
  m_PrefabParentObject: {fileID: 143494, guid: 2cd64f48426f92f42b8fc576caa6c6e0, type: 2}
  m_PrefabInternal: {fileID: 0}
  serializedVersion: 5
  m_Component:
  - component: {fileID: 1716776670}
  - component: {fileID: 1716776674}
  - component: {fileID: 1716776673}
  - component: {fileID: 1716776672}
  - component: {fileID: 1716776671}
  m_Layer: 5
  m_Name: Resume Game Button
  m_TagString: Untagged
  m_Icon: {fileID: 0}
  m_NavMeshLayer: 0
  m_StaticEditorFlags: 0
  m_IsActive: 1
--- !u!224 &1716776670
RectTransform:
  m_ObjectHideFlags: 0
  m_PrefabParentObject: {fileID: 22438208, guid: 2cd64f48426f92f42b8fc576caa6c6e0,
    type: 2}
  m_PrefabInternal: {fileID: 0}
  m_GameObject: {fileID: 1716776669}
  m_LocalRotation: {x: 0, y: 0, z: 0, w: 1}
  m_LocalPosition: {x: 0, y: 0, z: 0}
  m_LocalScale: {x: 1, y: 1, z: 1}
  m_Children:
  - {fileID: 283864702}
  m_Father: {fileID: 1565408878}
  m_RootOrder: 1
  m_LocalEulerAnglesHint: {x: 0, y: 0, z: 0}
  m_AnchorMin: {x: 0, y: 1}
  m_AnchorMax: {x: 0, y: 1}
  m_AnchoredPosition: {x: 1006.015, y: -492.52502}
  m_SizeDelta: {x: 412.03, y: 87.5}
  m_Pivot: {x: 1, y: 0}
--- !u!114 &1716776671
MonoBehaviour:
  m_ObjectHideFlags: 0
  m_PrefabParentObject: {fileID: 11447098, guid: 2cd64f48426f92f42b8fc576caa6c6e0,
    type: 2}
  m_PrefabInternal: {fileID: 0}
  m_GameObject: {fileID: 1716776669}
  m_Enabled: 1
  m_EditorHideFlags: 0
  m_Script: {fileID: 1573420865, guid: f5f67c52d1564df4a8936ccd202a3bd8, type: 3}
  m_Name: 
  m_EditorClassIdentifier: 
  m_EffectColor: {r: 0, g: 0, b: 0, a: 1}
  m_EffectDistance: {x: 0, y: -2}
  m_UseGraphicAlpha: 1
--- !u!114 &1716776672
MonoBehaviour:
  m_ObjectHideFlags: 0
  m_PrefabParentObject: {fileID: 11487400, guid: 2cd64f48426f92f42b8fc576caa6c6e0,
    type: 2}
  m_PrefabInternal: {fileID: 0}
  m_GameObject: {fileID: 1716776669}
  m_Enabled: 1
  m_EditorHideFlags: 0
  m_Script: {fileID: -765806418, guid: f5f67c52d1564df4a8936ccd202a3bd8, type: 3}
  m_Name: 
  m_EditorClassIdentifier: 
  m_Material: {fileID: 0}
  m_Color: {r: 1, g: 1, b: 1, a: 0.828}
  m_RaycastTarget: 1
  m_OnCullStateChanged:
    m_PersistentCalls:
      m_Calls: []
    m_TypeName: UnityEngine.UI.MaskableGraphic+CullStateChangedEvent, UnityEngine.UI,
      Version=1.0.0.0, Culture=neutral, PublicKeyToken=null
  m_Sprite: {fileID: 10905, guid: 0000000000000000f000000000000000, type: 0}
  m_Type: 1
  m_PreserveAspect: 0
  m_FillCenter: 1
  m_FillMethod: 4
  m_FillAmount: 1
  m_FillClockwise: 1
  m_FillOrigin: 0
--- !u!222 &1716776673
CanvasRenderer:
  m_ObjectHideFlags: 0
  m_PrefabParentObject: {fileID: 22249878, guid: 2cd64f48426f92f42b8fc576caa6c6e0,
    type: 2}
  m_PrefabInternal: {fileID: 0}
  m_GameObject: {fileID: 1716776669}
--- !u!114 &1716776674
MonoBehaviour:
  m_ObjectHideFlags: 0
  m_PrefabParentObject: {fileID: 11408276, guid: 2cd64f48426f92f42b8fc576caa6c6e0,
    type: 2}
  m_PrefabInternal: {fileID: 0}
  m_GameObject: {fileID: 1716776669}
  m_Enabled: 1
  m_EditorHideFlags: 0
  m_Script: {fileID: 1392445389, guid: f5f67c52d1564df4a8936ccd202a3bd8, type: 3}
  m_Name: 
  m_EditorClassIdentifier: 
  m_Navigation:
    m_Mode: 3
    m_SelectOnUp: {fileID: 0}
    m_SelectOnDown: {fileID: 0}
    m_SelectOnLeft: {fileID: 0}
    m_SelectOnRight: {fileID: 0}
  m_Transition: 1
  m_Colors:
    m_NormalColor: {r: 0.44313726, g: 0.85882354, b: 0.91764706, a: 0.44313726}
    m_HighlightedColor: {r: 0, g: 0.95686275, b: 1, a: 1}
    m_PressedColor: {r: 0.15686275, g: 1, b: 0, a: 1}
    m_DisabledColor: {r: 0.18039216, g: 0.8901961, b: 1, a: 0.2784314}
    m_ColorMultiplier: 1
    m_FadeDuration: 0.1
  m_SpriteState:
    m_HighlightedSprite: {fileID: 0}
    m_PressedSprite: {fileID: 0}
    m_DisabledSprite: {fileID: 0}
  m_AnimationTriggers:
    m_NormalTrigger: Normal
    m_HighlightedTrigger: Highlighted
    m_PressedTrigger: Pressed
    m_DisabledTrigger: Disabled
  m_Interactable: 1
  m_TargetGraphic: {fileID: 1716776672}
  m_OnClick:
    m_PersistentCalls:
      m_Calls:
      - m_Target: {fileID: 7505796}
        m_MethodName: PauseButton
        m_Mode: 1
        m_Arguments:
          m_ObjectArgument: {fileID: 0}
          m_ObjectArgumentAssemblyTypeName: UnityEngine.Object, UnityEngine
          m_IntArgument: 0
          m_FloatArgument: 0
          m_StringArgument: 
          m_BoolArgument: 0
        m_CallState: 2
    m_TypeName: UnityEngine.UI.Button+ButtonClickedEvent, UnityEngine.UI, Version=1.0.0.0,
      Culture=neutral, PublicKeyToken=null
--- !u!1 &1761535912
GameObject:
  m_ObjectHideFlags: 0
  m_PrefabParentObject: {fileID: 1000014279352558, guid: 4f9d76eab1240304393e7c355073765a,
    type: 2}
  m_PrefabInternal: {fileID: 0}
  serializedVersion: 5
  m_Component:
  - component: {fileID: 1761535913}
  - component: {fileID: 1761535915}
  - component: {fileID: 1761535914}
  m_Layer: 5
  m_Name: Frame Rate Text
  m_TagString: Untagged
  m_Icon: {fileID: 0}
  m_NavMeshLayer: 0
  m_StaticEditorFlags: 0
  m_IsActive: 0
--- !u!224 &1761535913
RectTransform:
  m_ObjectHideFlags: 0
  m_PrefabParentObject: {fileID: 224000012682998782, guid: 4f9d76eab1240304393e7c355073765a,
    type: 2}
  m_PrefabInternal: {fileID: 0}
  m_GameObject: {fileID: 1761535912}
  m_LocalRotation: {x: 0, y: 0, z: 0, w: 1}
  m_LocalPosition: {x: 0, y: 0, z: 0}
  m_LocalScale: {x: 1, y: 1, z: 1}
  m_Children: []
  m_Father: {fileID: 415490392}
  m_RootOrder: 1
  m_LocalEulerAnglesHint: {x: 0, y: 0, z: 0}
  m_AnchorMin: {x: 0.5, y: 0}
  m_AnchorMax: {x: 0.5, y: 0}
  m_AnchoredPosition: {x: 0, y: 15}
  m_SizeDelta: {x: 160, y: 30}
  m_Pivot: {x: 0.5, y: 0.5}
--- !u!114 &1761535914
MonoBehaviour:
  m_ObjectHideFlags: 0
  m_PrefabParentObject: {fileID: 114000011302373526, guid: 4f9d76eab1240304393e7c355073765a,
    type: 2}
  m_PrefabInternal: {fileID: 0}
  m_GameObject: {fileID: 1761535912}
  m_Enabled: 1
  m_EditorHideFlags: 0
  m_Script: {fileID: 708705254, guid: f5f67c52d1564df4a8936ccd202a3bd8, type: 3}
  m_Name: 
  m_EditorClassIdentifier: 
  m_Material: {fileID: 0}
  m_Color: {r: 1, g: 1, b: 1, a: 1}
  m_RaycastTarget: 1
  m_OnCullStateChanged:
    m_PersistentCalls:
      m_Calls: []
    m_TypeName: UnityEngine.UI.MaskableGraphic+CullStateChangedEvent, UnityEngine.UI,
      Version=1.0.0.0, Culture=neutral, PublicKeyToken=null
  m_FontData:
    m_Font: {fileID: 10102, guid: 0000000000000000e000000000000000, type: 0}
    m_FontSize: 14
    m_FontStyle: 0
    m_BestFit: 0
    m_MinSize: 10
    m_MaxSize: 40
    m_Alignment: 1
    m_AlignByGeometry: 0
    m_RichText: 1
    m_HorizontalOverflow: 0
    m_VerticalOverflow: 0
    m_LineSpacing: 1
  m_Text: New Text
--- !u!222 &1761535915
CanvasRenderer:
  m_ObjectHideFlags: 0
  m_PrefabParentObject: {fileID: 222000013899724518, guid: 4f9d76eab1240304393e7c355073765a,
    type: 2}
  m_PrefabInternal: {fileID: 0}
  m_GameObject: {fileID: 1761535912}
--- !u!1001 &1773152818
Prefab:
  m_ObjectHideFlags: 0
  serializedVersion: 2
  m_Modification:
    m_TransformParent: {fileID: 415490392}
    m_Modifications:
    - target: {fileID: 224000011688854192, guid: cd68d452bd2a473469c2e755ab5d4b91,
        type: 2}
      propertyPath: m_LocalPosition.x
      value: 0
      objectReference: {fileID: 0}
    - target: {fileID: 224000011688854192, guid: cd68d452bd2a473469c2e755ab5d4b91,
        type: 2}
      propertyPath: m_LocalPosition.y
      value: 0
      objectReference: {fileID: 0}
    - target: {fileID: 224000011688854192, guid: cd68d452bd2a473469c2e755ab5d4b91,
        type: 2}
      propertyPath: m_LocalPosition.z
      value: 0
      objectReference: {fileID: 0}
    - target: {fileID: 224000011688854192, guid: cd68d452bd2a473469c2e755ab5d4b91,
        type: 2}
      propertyPath: m_LocalRotation.x
      value: 0
      objectReference: {fileID: 0}
    - target: {fileID: 224000011688854192, guid: cd68d452bd2a473469c2e755ab5d4b91,
        type: 2}
      propertyPath: m_LocalRotation.y
      value: 0
      objectReference: {fileID: 0}
    - target: {fileID: 224000011688854192, guid: cd68d452bd2a473469c2e755ab5d4b91,
        type: 2}
      propertyPath: m_LocalRotation.z
      value: 0
      objectReference: {fileID: 0}
    - target: {fileID: 224000011688854192, guid: cd68d452bd2a473469c2e755ab5d4b91,
        type: 2}
      propertyPath: m_LocalRotation.w
      value: 1
      objectReference: {fileID: 0}
    - target: {fileID: 224000011688854192, guid: cd68d452bd2a473469c2e755ab5d4b91,
        type: 2}
      propertyPath: m_RootOrder
      value: 3
      objectReference: {fileID: 0}
    - target: {fileID: 224000011688854192, guid: cd68d452bd2a473469c2e755ab5d4b91,
        type: 2}
      propertyPath: m_AnchoredPosition.x
      value: 0
      objectReference: {fileID: 0}
    - target: {fileID: 224000011688854192, guid: cd68d452bd2a473469c2e755ab5d4b91,
        type: 2}
      propertyPath: m_AnchoredPosition.y
      value: 0
      objectReference: {fileID: 0}
    - target: {fileID: 224000011688854192, guid: cd68d452bd2a473469c2e755ab5d4b91,
        type: 2}
      propertyPath: m_SizeDelta.x
      value: 800
      objectReference: {fileID: 0}
    - target: {fileID: 224000011688854192, guid: cd68d452bd2a473469c2e755ab5d4b91,
        type: 2}
      propertyPath: m_SizeDelta.y
      value: 520
      objectReference: {fileID: 0}
    - target: {fileID: 224000011688854192, guid: cd68d452bd2a473469c2e755ab5d4b91,
        type: 2}
      propertyPath: m_AnchorMin.x
      value: 0
      objectReference: {fileID: 0}
    - target: {fileID: 224000011688854192, guid: cd68d452bd2a473469c2e755ab5d4b91,
        type: 2}
      propertyPath: m_AnchorMin.y
      value: 0
      objectReference: {fileID: 0}
    - target: {fileID: 224000011688854192, guid: cd68d452bd2a473469c2e755ab5d4b91,
        type: 2}
      propertyPath: m_AnchorMax.x
      value: 1
      objectReference: {fileID: 0}
    - target: {fileID: 224000011688854192, guid: cd68d452bd2a473469c2e755ab5d4b91,
        type: 2}
      propertyPath: m_AnchorMax.y
      value: 1
      objectReference: {fileID: 0}
    - target: {fileID: 224000011688854192, guid: cd68d452bd2a473469c2e755ab5d4b91,
        type: 2}
      propertyPath: m_Pivot.x
      value: 0.5
      objectReference: {fileID: 0}
    - target: {fileID: 224000011688854192, guid: cd68d452bd2a473469c2e755ab5d4b91,
        type: 2}
      propertyPath: m_Pivot.y
      value: 0.5
      objectReference: {fileID: 0}
    - target: {fileID: 224000011506392324, guid: cd68d452bd2a473469c2e755ab5d4b91,
        type: 2}
      propertyPath: m_AnchorMax.x
      value: 1
      objectReference: {fileID: 0}
    - target: {fileID: 224000011506392324, guid: cd68d452bd2a473469c2e755ab5d4b91,
        type: 2}
      propertyPath: m_AnchorMax.y
      value: 1
      objectReference: {fileID: 0}
    - target: {fileID: 224000010412070994, guid: cd68d452bd2a473469c2e755ab5d4b91,
        type: 2}
      propertyPath: m_AnchorMax.x
      value: 1
      objectReference: {fileID: 0}
    - target: {fileID: 224000010412070994, guid: cd68d452bd2a473469c2e755ab5d4b91,
        type: 2}
      propertyPath: m_AnchorMax.y
      value: 1
      objectReference: {fileID: 0}
    m_RemovedComponents: []
  m_ParentPrefab: {fileID: 100100000, guid: cd68d452bd2a473469c2e755ab5d4b91, type: 2}
  m_IsPrefabParent: 0
--- !u!224 &1773152819 stripped
RectTransform:
  m_PrefabParentObject: {fileID: 224000011688854192, guid: cd68d452bd2a473469c2e755ab5d4b91,
    type: 2}
  m_PrefabInternal: {fileID: 1773152818}
--- !u!1 &1785366679
GameObject:
  m_ObjectHideFlags: 0
  m_PrefabParentObject: {fileID: 134966, guid: 2cd64f48426f92f42b8fc576caa6c6e0, type: 2}
  m_PrefabInternal: {fileID: 0}
  serializedVersion: 5
  m_Component:
  - component: {fileID: 1785366680}
  - component: {fileID: 1785366681}
  m_Layer: 0
  m_Name: Network Spawn Location (3)
  m_TagString: Untagged
  m_Icon: {fileID: 3936346786652291628, guid: 0000000000000000d000000000000000, type: 0}
  m_NavMeshLayer: 0
  m_StaticEditorFlags: 4294967295
  m_IsActive: 1
--- !u!4 &1785366680
Transform:
  m_ObjectHideFlags: 0
  m_PrefabParentObject: {fileID: 403652, guid: 2cd64f48426f92f42b8fc576caa6c6e0, type: 2}
  m_PrefabInternal: {fileID: 0}
  m_GameObject: {fileID: 1785366679}
  m_LocalRotation: {x: 0, y: 0.9857035, z: 0, w: 0.16848914}
  m_LocalPosition: {x: 348.88, y: 111.95, z: 800.64825}
  m_LocalScale: {x: 1, y: 1, z: 1}
  m_Children:
  - {fileID: 1609636944}
  m_Father: {fileID: 1897603677}
  m_RootOrder: 3
  m_LocalEulerAnglesHint: {x: 0, y: 0, z: 0}
--- !u!114 &1785366681
MonoBehaviour:
  m_ObjectHideFlags: 0
  m_PrefabParentObject: {fileID: 11450634, guid: 2cd64f48426f92f42b8fc576caa6c6e0,
    type: 2}
  m_PrefabInternal: {fileID: 0}
  m_GameObject: {fileID: 1785366679}
  m_Enabled: 1
  m_EditorHideFlags: 0
  m_Script: {fileID: -1050975500, guid: 870353891bb340e2b2a9c8707e7419ba, type: 3}
  m_Name: 
  m_EditorClassIdentifier: 
--- !u!1 &1839471926
GameObject:
  m_ObjectHideFlags: 0
  m_PrefabParentObject: {fileID: 137442, guid: 2cd64f48426f92f42b8fc576caa6c6e0, type: 2}
  m_PrefabInternal: {fileID: 0}
  serializedVersion: 5
  m_Component:
  - component: {fileID: 1839471929}
  - component: {fileID: 1839471928}
  - component: {fileID: 1839471927}
  m_Layer: 0
  m_Name: Editor Mesh
  m_TagString: Untagged
  m_Icon: {fileID: 0}
  m_NavMeshLayer: 0
  m_StaticEditorFlags: 4294967295
  m_IsActive: 1
--- !u!33 &1839471927
MeshFilter:
  m_ObjectHideFlags: 0
  m_PrefabParentObject: {fileID: 3359280, guid: 2cd64f48426f92f42b8fc576caa6c6e0,
    type: 2}
  m_PrefabInternal: {fileID: 0}
  m_GameObject: {fileID: 1839471926}
  m_Mesh: {fileID: 4300000, guid: c16f5dcf3ee1639428c2eb0a533d8d98, type: 3}
--- !u!23 &1839471928
MeshRenderer:
  m_ObjectHideFlags: 0
  m_PrefabParentObject: {fileID: 2393142, guid: 2cd64f48426f92f42b8fc576caa6c6e0,
    type: 2}
  m_PrefabInternal: {fileID: 0}
  m_GameObject: {fileID: 1839471926}
  m_Enabled: 1
  m_CastShadows: 0
  m_ReceiveShadows: 0
  m_MotionVectors: 1
  m_LightProbeUsage: 0
  m_ReflectionProbeUsage: 0
  m_Materials:
  - {fileID: 2100000, guid: b9456afa8fbd6224f99fd5fe2b7dfa1d, type: 2}
  m_StaticBatchInfo:
    firstSubMesh: 0
    subMeshCount: 0
  m_StaticBatchRoot: {fileID: 0}
  m_ProbeAnchor: {fileID: 0}
  m_LightProbeVolumeOverride: {fileID: 0}
  m_ScaleInLightmap: 1
  m_PreserveUVs: 0
  m_IgnoreNormalsForChartDetection: 0
  m_ImportantGI: 0
  m_SelectedEditorRenderState: 3
  m_MinimumChartSize: 4
  m_AutoUVMaxDistance: 0.5
  m_AutoUVMaxAngle: 89
  m_LightmapParameters: {fileID: 0}
  m_SortingLayerID: 0
  m_SortingLayer: 0
  m_SortingOrder: 0
--- !u!4 &1839471929
Transform:
  m_ObjectHideFlags: 0
  m_PrefabParentObject: {fileID: 419440, guid: 2cd64f48426f92f42b8fc576caa6c6e0, type: 2}
  m_PrefabInternal: {fileID: 0}
  m_GameObject: {fileID: 1839471926}
  m_LocalRotation: {x: -0.7071068, y: 0, z: 0, w: 0.7071067}
  m_LocalPosition: {x: 0, y: 0, z: 0}
  m_LocalScale: {x: 1, y: 1, z: 1}
  m_Children: []
  m_Father: {fileID: 1633754821}
  m_RootOrder: 0
  m_LocalEulerAnglesHint: {x: 0, y: 0, z: 0}
--- !u!1 &1897603676
GameObject:
  m_ObjectHideFlags: 0
  m_PrefabParentObject: {fileID: 177308, guid: 2cd64f48426f92f42b8fc576caa6c6e0, type: 2}
  m_PrefabInternal: {fileID: 0}
  serializedVersion: 5
  m_Component:
  - component: {fileID: 1897603677}
  m_Layer: 0
  m_Name: Spawn Point
  m_TagString: Untagged
  m_Icon: {fileID: 0}
  m_NavMeshLayer: 0
  m_StaticEditorFlags: 4294967295
  m_IsActive: 1
--- !u!4 &1897603677
Transform:
  m_ObjectHideFlags: 0
  m_PrefabParentObject: {fileID: 405414, guid: 2cd64f48426f92f42b8fc576caa6c6e0, type: 2}
  m_PrefabInternal: {fileID: 0}
  m_GameObject: {fileID: 1897603676}
  m_LocalRotation: {x: -0, y: -0, z: -0, w: 1}
  m_LocalPosition: {x: 8.5575, y: 0, z: 0}
  m_LocalScale: {x: 0.75, y: 0.75, z: 0.75}
  m_Children:
  - {fileID: 476922994}
  - {fileID: 753007556}
  - {fileID: 1032823709}
  - {fileID: 1785366680}
  - {fileID: 1633754821}
  m_Father: {fileID: 0}
  m_RootOrder: 0
  m_LocalEulerAnglesHint: {x: 0, y: 0, z: 0}
--- !u!1 &1930728642
GameObject:
  m_ObjectHideFlags: 0
  m_PrefabParentObject: {fileID: 134590, guid: 2cd64f48426f92f42b8fc576caa6c6e0, type: 2}
  m_PrefabInternal: {fileID: 0}
  serializedVersion: 5
  m_Component:
  - component: {fileID: 1930728643}
  - component: {fileID: 1930728645}
  - component: {fileID: 1930728644}
  m_Layer: 5
  m_Name: Text 2
  m_TagString: Untagged
  m_Icon: {fileID: 0}
  m_NavMeshLayer: 0
  m_StaticEditorFlags: 0
  m_IsActive: 1
--- !u!224 &1930728643
RectTransform:
  m_ObjectHideFlags: 0
  m_PrefabParentObject: {fileID: 22494092, guid: 2cd64f48426f92f42b8fc576caa6c6e0,
    type: 2}
  m_PrefabInternal: {fileID: 0}
  m_GameObject: {fileID: 1930728642}
  m_LocalRotation: {x: 0, y: 0, z: 0, w: 1}
  m_LocalPosition: {x: 0, y: 0, z: 0}
  m_LocalScale: {x: 1, y: 1, z: 1}
  m_Children: []
  m_Father: {fileID: 2080194655}
  m_RootOrder: 0
  m_LocalEulerAnglesHint: {x: 0, y: 0, z: 0}
  m_AnchorMin: {x: 0.5, y: 0.5}
  m_AnchorMax: {x: 0.5, y: 0.5}
  m_AnchoredPosition: {x: -180, y: 45}
  m_SizeDelta: {x: 360, y: 90}
  m_Pivot: {x: 0, y: 1}
--- !u!114 &1930728644
MonoBehaviour:
  m_ObjectHideFlags: 0
  m_PrefabParentObject: {fileID: 11401394, guid: 2cd64f48426f92f42b8fc576caa6c6e0,
    type: 2}
  m_PrefabInternal: {fileID: 0}
  m_GameObject: {fileID: 1930728642}
  m_Enabled: 1
  m_EditorHideFlags: 0
  m_Script: {fileID: 708705254, guid: f5f67c52d1564df4a8936ccd202a3bd8, type: 3}
  m_Name: 
  m_EditorClassIdentifier: 
  m_Material: {fileID: 0}
  m_Color: {r: 0, g: 0, b: 0, a: 1}
  m_RaycastTarget: 1
  m_OnCullStateChanged:
    m_PersistentCalls:
      m_Calls: []
    m_TypeName: UnityEngine.UI.MaskableGraphic+CullStateChangedEvent, UnityEngine.UI,
      Version=1.0.0.0, Culture=neutral, PublicKeyToken=null
  m_FontData:
    m_Font: {fileID: 10102, guid: 0000000000000000e000000000000000, type: 0}
    m_FontSize: 47
    m_FontStyle: 0
    m_BestFit: 0
    m_MinSize: 10
    m_MaxSize: 55
    m_Alignment: 4
    m_AlignByGeometry: 0
    m_RichText: 1
    m_HorizontalOverflow: 0
    m_VerticalOverflow: 0
    m_LineSpacing: 1
  m_Text: Restart
--- !u!222 &1930728645
CanvasRenderer:
  m_ObjectHideFlags: 0
  m_PrefabParentObject: {fileID: 22274488, guid: 2cd64f48426f92f42b8fc576caa6c6e0,
    type: 2}
  m_PrefabInternal: {fileID: 0}
  m_GameObject: {fileID: 1930728642}
--- !u!1 &1972940673
GameObject:
  m_ObjectHideFlags: 0
  m_PrefabParentObject: {fileID: 110618, guid: 2cd64f48426f92f42b8fc576caa6c6e0, type: 2}
  m_PrefabInternal: {fileID: 0}
  serializedVersion: 5
  m_Component:
  - component: {fileID: 1972940674}
  - component: {fileID: 1972940676}
  - component: {fileID: 1972940675}
  m_Layer: 0
  m_Name: Background Image
  m_TagString: Untagged
  m_Icon: {fileID: 0}
  m_NavMeshLayer: 0
  m_StaticEditorFlags: 0
  m_IsActive: 0
--- !u!224 &1972940674
RectTransform:
  m_ObjectHideFlags: 0
  m_PrefabParentObject: {fileID: 22498034, guid: 2cd64f48426f92f42b8fc576caa6c6e0,
    type: 2}
  m_PrefabInternal: {fileID: 0}
  m_GameObject: {fileID: 1972940673}
  m_LocalRotation: {x: 0, y: 0, z: 0, w: 1}
  m_LocalPosition: {x: 0, y: 0, z: 0}
  m_LocalScale: {x: 1, y: 1, z: 1}
  m_Children: []
  m_Father: {fileID: 415490392}
  m_RootOrder: 2
  m_LocalEulerAnglesHint: {x: 0, y: 0, z: 0}
  m_AnchorMin: {x: 0.5, y: 0.5}
  m_AnchorMax: {x: 0.5, y: 0.5}
  m_AnchoredPosition: {x: 0, y: 0}
  m_SizeDelta: {x: 900, y: 600}
  m_Pivot: {x: 0.5, y: 0.5}
--- !u!114 &1972940675
MonoBehaviour:
  m_ObjectHideFlags: 0
  m_PrefabParentObject: {fileID: 11467772, guid: 2cd64f48426f92f42b8fc576caa6c6e0,
    type: 2}
  m_PrefabInternal: {fileID: 0}
  m_GameObject: {fileID: 1972940673}
  m_Enabled: 1
  m_EditorHideFlags: 0
  m_Script: {fileID: -765806418, guid: f5f67c52d1564df4a8936ccd202a3bd8, type: 3}
  m_Name: 
  m_EditorClassIdentifier: 
  m_Material: {fileID: 0}
  m_Color: {r: 0, g: 0, b: 0, a: 1}
  m_RaycastTarget: 1
  m_OnCullStateChanged:
    m_PersistentCalls:
      m_Calls: []
    m_TypeName: UnityEngine.UI.MaskableGraphic+CullStateChangedEvent, UnityEngine.UI,
      Version=1.0.0.0, Culture=neutral, PublicKeyToken=null
  m_Sprite: {fileID: 0}
  m_Type: 0
  m_PreserveAspect: 0
  m_FillCenter: 1
  m_FillMethod: 4
  m_FillAmount: 1
  m_FillClockwise: 1
  m_FillOrigin: 0
--- !u!222 &1972940676
CanvasRenderer:
  m_ObjectHideFlags: 0
  m_PrefabParentObject: {fileID: 22268724, guid: 2cd64f48426f92f42b8fc576caa6c6e0,
    type: 2}
  m_PrefabInternal: {fileID: 0}
  m_GameObject: {fileID: 1972940673}
--- !u!1 &2080194654
GameObject:
  m_ObjectHideFlags: 0
  m_PrefabParentObject: {fileID: 149788, guid: 2cd64f48426f92f42b8fc576caa6c6e0, type: 2}
  m_PrefabInternal: {fileID: 0}
  serializedVersion: 5
  m_Component:
  - component: {fileID: 2080194655}
  - component: {fileID: 2080194659}
  - component: {fileID: 2080194658}
  - component: {fileID: 2080194657}
  - component: {fileID: 2080194656}
  m_Layer: 5
  m_Name: Restart Button
  m_TagString: Untagged
  m_Icon: {fileID: 0}
  m_NavMeshLayer: 0
  m_StaticEditorFlags: 0
  m_IsActive: 1
--- !u!224 &2080194655
RectTransform:
  m_ObjectHideFlags: 0
  m_PrefabParentObject: {fileID: 22435006, guid: 2cd64f48426f92f42b8fc576caa6c6e0,
    type: 2}
  m_PrefabInternal: {fileID: 0}
  m_GameObject: {fileID: 2080194654}
  m_LocalRotation: {x: 0, y: 0, z: 0, w: 1}
  m_LocalPosition: {x: 0, y: 0, z: 0}
  m_LocalScale: {x: 1, y: 1, z: 1}
  m_Children:
  - {fileID: 1930728643}
  m_Father: {fileID: 1565408878}
  m_RootOrder: 3
  m_LocalEulerAnglesHint: {x: 0, y: 0, z: 0}
  m_AnchorMin: {x: 0, y: 1}
  m_AnchorMax: {x: 0, y: 1}
  m_AnchoredPosition: {x: 593.985, y: -737.425}
  m_SizeDelta: {x: 412.03, y: 87.5}
  m_Pivot: {x: 0, y: 0}
--- !u!114 &2080194656
MonoBehaviour:
  m_ObjectHideFlags: 0
  m_PrefabParentObject: {fileID: 11432970, guid: 2cd64f48426f92f42b8fc576caa6c6e0,
    type: 2}
  m_PrefabInternal: {fileID: 0}
  m_GameObject: {fileID: 2080194654}
  m_Enabled: 1
  m_EditorHideFlags: 0
  m_Script: {fileID: 1573420865, guid: f5f67c52d1564df4a8936ccd202a3bd8, type: 3}
  m_Name: 
  m_EditorClassIdentifier: 
  m_EffectColor: {r: 0, g: 0, b: 0, a: 1}
  m_EffectDistance: {x: 0, y: -2}
  m_UseGraphicAlpha: 1
--- !u!114 &2080194657
MonoBehaviour:
  m_ObjectHideFlags: 0
  m_PrefabParentObject: {fileID: 11473010, guid: 2cd64f48426f92f42b8fc576caa6c6e0,
    type: 2}
  m_PrefabInternal: {fileID: 0}
  m_GameObject: {fileID: 2080194654}
  m_Enabled: 1
  m_EditorHideFlags: 0
  m_Script: {fileID: -765806418, guid: f5f67c52d1564df4a8936ccd202a3bd8, type: 3}
  m_Name: 
  m_EditorClassIdentifier: 
  m_Material: {fileID: 0}
  m_Color: {r: 1, g: 1, b: 1, a: 0.828}
  m_RaycastTarget: 1
  m_OnCullStateChanged:
    m_PersistentCalls:
      m_Calls: []
    m_TypeName: UnityEngine.UI.MaskableGraphic+CullStateChangedEvent, UnityEngine.UI,
      Version=1.0.0.0, Culture=neutral, PublicKeyToken=null
  m_Sprite: {fileID: 10905, guid: 0000000000000000f000000000000000, type: 0}
  m_Type: 1
  m_PreserveAspect: 0
  m_FillCenter: 1
  m_FillMethod: 4
  m_FillAmount: 1
  m_FillClockwise: 1
  m_FillOrigin: 0
--- !u!222 &2080194658
CanvasRenderer:
  m_ObjectHideFlags: 0
  m_PrefabParentObject: {fileID: 22281748, guid: 2cd64f48426f92f42b8fc576caa6c6e0,
    type: 2}
  m_PrefabInternal: {fileID: 0}
  m_GameObject: {fileID: 2080194654}
--- !u!114 &2080194659
MonoBehaviour:
  m_ObjectHideFlags: 0
  m_PrefabParentObject: {fileID: 11438460, guid: 2cd64f48426f92f42b8fc576caa6c6e0,
    type: 2}
  m_PrefabInternal: {fileID: 0}
  m_GameObject: {fileID: 2080194654}
  m_Enabled: 1
  m_EditorHideFlags: 0
  m_Script: {fileID: 1392445389, guid: f5f67c52d1564df4a8936ccd202a3bd8, type: 3}
  m_Name: 
  m_EditorClassIdentifier: 
  m_Navigation:
    m_Mode: 3
    m_SelectOnUp: {fileID: 0}
    m_SelectOnDown: {fileID: 0}
    m_SelectOnLeft: {fileID: 0}
    m_SelectOnRight: {fileID: 0}
  m_Transition: 1
  m_Colors:
    m_NormalColor: {r: 0.44313726, g: 0.85882354, b: 0.91764706, a: 0.44313726}
    m_HighlightedColor: {r: 0, g: 0.95686275, b: 1, a: 1}
    m_PressedColor: {r: 0.15686275, g: 1, b: 0, a: 1}
    m_DisabledColor: {r: 0.18039216, g: 0.8901961, b: 1, a: 0.2784314}
    m_ColorMultiplier: 1
    m_FadeDuration: 0.1
  m_SpriteState:
    m_HighlightedSprite: {fileID: 0}
    m_PressedSprite: {fileID: 0}
    m_DisabledSprite: {fileID: 0}
  m_AnimationTriggers:
    m_NormalTrigger: Normal
    m_HighlightedTrigger: Highlighted
    m_PressedTrigger: Pressed
    m_DisabledTrigger: Disabled
  m_Interactable: 1
  m_TargetGraphic: {fileID: 2080194657}
  m_OnClick:
    m_PersistentCalls:
      m_Calls:
      - m_Target: {fileID: 7505796}
        m_MethodName: RestartButton
        m_Mode: 1
        m_Arguments:
          m_ObjectArgument: {fileID: 0}
          m_ObjectArgumentAssemblyTypeName: UnityEngine.Object, UnityEngine
          m_IntArgument: 0
          m_FloatArgument: 0
          m_StringArgument: 
          m_BoolArgument: 0
        m_CallState: 2
    m_TypeName: UnityEngine.UI.Button+ButtonClickedEvent, UnityEngine.UI, Version=1.0.0.0,
      Culture=neutral, PublicKeyToken=null
--- !u!1 &2104093287
GameObject:
  m_ObjectHideFlags: 0
  m_PrefabParentObject: {fileID: 178222, guid: 4fe5433d01635054c8fbb1130b69b43d, type: 2}
  m_PrefabInternal: {fileID: 0}
  serializedVersion: 5
  m_Component:
  - component: {fileID: 2104093289}
  - component: {fileID: 2104093288}
  m_Layer: 0
  m_Name: Directional Light
  m_TagString: Untagged
  m_Icon: {fileID: 0}
  m_NavMeshLayer: 0
  m_StaticEditorFlags: 4294967295
  m_IsActive: 1
--- !u!108 &2104093288
Light:
  m_ObjectHideFlags: 0
  m_PrefabParentObject: {fileID: 10876610, guid: 4fe5433d01635054c8fbb1130b69b43d,
    type: 2}
  m_PrefabInternal: {fileID: 0}
  m_GameObject: {fileID: 2104093287}
  m_Enabled: 1
  serializedVersion: 8
  m_Type: 1
  m_Color: {r: 1, g: 0.90117425, b: 0.572549, a: 1}
  m_Intensity: 1
  m_Range: 0.5
  m_SpotAngle: 30
  m_CookieSize: 60
  m_Shadows:
    m_Type: 2
    m_Resolution: 1
    m_CustomResolution: -1
    m_Strength: 0.38
    m_Bias: 0.05
    m_NormalBias: 0.4
    m_NearPlane: 0.2
  m_Cookie: {fileID: 0}
  m_DrawHalo: 0
  m_Flare: {fileID: 0}
  m_RenderMode: 1
  m_CullingMask:
    serializedVersion: 2
    m_Bits: 4294967295
  m_Lightmapping: 1
  m_AreaSize: {x: 1, y: 1}
  m_BounceIntensity: 1
  m_ColorTemperature: 6570
  m_UseColorTemperature: 0
  m_ShadowRadius: 0
  m_ShadowAngle: 0
--- !u!4 &2104093289
Transform:
  m_ObjectHideFlags: 0
  m_PrefabParentObject: {fileID: 489864, guid: 4fe5433d01635054c8fbb1130b69b43d, type: 2}
  m_PrefabInternal: {fileID: 0}
  m_GameObject: {fileID: 2104093287}
  m_LocalRotation: {x: 0.12117543, y: 0.6954813, z: -0.08392152, w: 0.7032635}
  m_LocalPosition: {x: -13.585999, y: 333.22424, z: 488.27466}
  m_LocalScale: {x: 1, y: 1, z: 1}
  m_Children: []
  m_Father: {fileID: 0}
  m_RootOrder: 2
  m_LocalEulerAnglesHint: {x: 16.6885, y: 89.8059, z: 3.0228}
